 Dungeon Crawl Stone Soup version 0.30-b1-2-g02819fbbbe (webtiles) character file.

Game seed: 9298361319731057016

78 raph the Ruffian (level 4, -1/42 HPs)
             Began as a Troll Transmuter on Nov 25, 2023.
             Slain by a gnoll
             ... wielding a +0 spear
              (2 damage)
             ... on level 2 of the Dungeon.
             The game lasted 00:02:55 (1354 turns).

raph the Ruffian (Troll Transmuter)                 Turns: 1354, Time: 00:02:56

Health: -1/42      AC:  4    Str: 18    XL:     4   Next: 15%
Magic:  0/5        EV: 10    Int: 11    God:
Gold:   40         SH:  0    Dex: 10    Spells: 0/6 levels left

rFire   . .          .
                       - Unarmed
rCold   . . .        (no shield)
rNeg    . . .        a - +0 robe
rPois   .            (helmet restricted)
rElec   .            (no cloak)
rCorr   .            (gloves unavailable)
SInv    .            (boots unavailable)
Will    .....        (no amulet)
Stlth   +            (no ring)
HPRegen 1.07/turn    (no ring)
MPRegen 0.09/turn

%: no passive effects
@: very slightly contaminated
A: large, unfitting armour, claws 3, regeneration 1, shaggy fur 1, tough skin 1
a: no special abilities


You were on level 2 of the Dungeon.
You visited 1 branch of the dungeon, and saw 2 of its levels.

You collected 40 gold pieces.

Inventory:

Missiles
 c - 2 poisoned darts
Armour
 a - a +0 robe (worn)
Potions
 b - a potion of lignification
 d - 2 potions of mutation
 e - a potion of attraction {unknown}
 i - 2 potions of curing {unknown}


   Skills:
 * Level 1.7 Fighting
 + Level 2.0 Dodging
 * Level 3.5 Unarmed Combat
 + Level 1.5 Spellcasting
 * Level 2.0 Transmutations


You couldn't memorise any spells.
You knew the following spells:

 Your Spells              Type           Power      Damage    Failure   Level
a - Beastly Appendage     Tmut           10%        N/A       13%         1
b - Wereblood             Tmut           5%         N/A       21%         2
c - Spider Form           Tmut/Pois      3%         N/A       52%         3

Your spell library contained the following spells:

 Spells                   Type           Power      Damage    Failure   Level
 Shock                    Conj/Air       0%         1d3       30%         1
 Passwall                 Tmut/Erth      2%         N/A       30%         2
 Ensorcelled Hibernation  Hex/Ice        0%         N/A       43%         2
 Swiftness                Air            0%         N/A       67%         3
 Ice Form                 Ice/Tmut       3%         N/A       90%         4
 Petrify                  Tmut/Erth      3%         N/A       90%         4
 Airstrike                Air            0%         2d(0-16)  97%         4
 Metabolic Englaciation   Hex/Ice        0%         N/A       100%        5
 Statue Form              Tmut/Erth      2%         N/A       100%        6


Dungeon Overview and Level Annotations

Branches:
Dungeon (2/15)

Altars:


Innate Abilities, Weirdness & Mutations

You are too large for most types of armour.
You have claws for hands.
Your natural rate of healing is unusually fast.
You are covered in fur. (AC +1)
You have tough skin. (AC +1)


Message History

You finish memorising.
Spell assigned to 'c'.
A gnoll comes into view. It is wielding a +0 halberd.
A gnoll comes into view. It is wielding a +0 spear.
The gnoll shouts! x2; You hear a shout!
Casting: Beastly Appendage (safe; 13% risk of failure)
Confirm with . or Enter, or press ? or * to list all spells.
You miscast Wereblood.
You are very lightly contaminated with residual magic.
Nothing appears to happen.
A gnoll comes into view. It is wielding a +0 club.
Casting: Wereblood (safe; 21% risk of failure)
Confirm with . or Enter, or press ? or * to list all spells.
You miscast Wereblood.
Nothing appears to happen.
The gnoll hits you from afar with a +0 halberd!
Casting: Wereblood (safe; 21% risk of failure)
Confirm with . or Enter, or press ? or * to list all spells.
You miscast Beastly Appendage.
Nothing appears to happen.
The gnoll barely misses you.
The gnoll hits you from afar with a +0 spear!
A gnoll comes into view. It is wielding a +0 spear.
The gnoll closely misses you.
You barely miss the gnoll.
The gnoll shouts!
The gnoll hits you with a +0 halberd! The gnoll hits you but does no damage.
You are too injured to fight recklessly!
You are too injured to fight recklessly!
You are too injured to fight recklessly!
You are too injured to fight recklessly!
You are too injured to fight recklessly!
You claw the gnoll!
The gnoll is severely wounded.
The gnoll hits you but does no damage. The gnoll hits you with a +0 halberd!
* * * LOW HITPOINT WARNING * * *
The gnoll barely misses you.
Okay, then.
You closely miss the gnoll. The gnoll barely misses you.
The gnoll hits you with a +0 halberd!
* * * LOW HITPOINT WARNING * * *
The gnoll hits you with a +0 spear.
You die...

### #.# ..# #. .# #.# ..# #. .#
# #.. ..# #.#.# .# #.) ..##
.g.##.###.......## ...##
...#...$#......... ....###
#....# ..#.......# ..#...#######
#gg.##.#........#
...÷÷..÷....####@g.##..........#
..##.######............#.......#
####.#######.......###.##.†...#
#...†......#....^##..#<...#
#.........###........##†.##
#........## ##.......##..#
#........#####.......†...###
#.......)...........##.....##
####........#####..........><..#


You could see 4 gnolls.

Vanquished Creatures
  An adder (D:1)
  4 dart slugs
  4 ball pythons
  6 endoplasms (D:1)
  2 giant cockroaches (D:1)
  5 goblins
  A hobgoblin (D:1)
  7 jackals
  6 quokkas
  6 bats
  A frilled lizard (D:2)
  6 kobolds
  4 rats
53 creatures vanquished.

Notes
Turn   | Place    | Note
-------+----------+-------------------------------------------
     0 | D:1      | raph the Troll Transmuter began the quest for the Orb.
     0 | D:1      | Reached XP level 1. HP: 18/18 MP: 1/1
    57 | D:1      | Reached skill level 1 in Fighting
    81 | D:1      | Reached XP level 2. HP: 26/27 MP: 0/2
   103 | D:1      | Learned a level 2 spell: Wereblood
   222 | D:1      | Found a faded altar of an unknown god.
   370 | D:1      | You fall into a shaft and drop 1 floor!
   595 | D:1      | Reached XP level 3. HP: 33/33 MP: 2/4
  1147 | D:2      | Reached XP level 4. HP: 40/42 MP: 2/5
  1315 | D:2      | Learned a level 3 spell: Spider Form
  1354 | D:2      | HP: 1/42 [gnoll/+0 halberd (7)]
  1354 | D:2      | Slain by a gnoll

Illustrated notes

Levels and vault maps discovered:
D:1:      saegor_arrival_simple_a, layout_loops_ring,
          hellmonk_ecumenical_altar_crossroads, serial_bayou_pond_b
D:2:      layout_rooms

Skill      XL: |  1  2  3 |
---------------+----------+-----
Fighting       | 1 |  1.7
Dodging        | 2 |  2.0
Transmutations | 2 |  2.0
Unarmed Combat | |  3.5
Spellcasting   | |  1.5

Action                     |  1- 3 |  4- 6 || total
---------------------------+-------+-------++-------
  Melee: Unarmed           |   102 |    12 ||   114
         Kick              |    16 |       ||    16
         Headbutt          |     5 |     2 ||     7
         Punch             |     1 |     1 ||     2
   Cast: Beastly Appendage |    27 |     1 ||    28
    Use: Scroll            |       |     5 ||     5
 Armour: Robe              |    56 |     9 ||    65
  Dodge: Dodged            |    61 |     9 ||    70
